 Dungeon Crawl Stone Soup version 0.30-a0-137-gd8773701ce (webtiles) character file.

Game seed: 6549651142208363412

851 blackman the Trooper (level 8, -10/64 HPs)
             Began as a Human Delver on Sept 23, 2022.
             Was a Believer of Okawaru.
             Mangled by Duvessa
             ... wielding a +0 rapier
              (11 damage)
             ... on level 5 of the Dungeon.
             The game lasted 00:11:19 (4585 turns).

blackman the Trooper (Human Delver)                 Turns: 4585, Time: 00:11:20

Health: -10/64     AC: 11    Str: 15    XL:     8   Next: 21%
Magic:  11/11      EV:  6    Int: 11    God:    Okawaru [**....]
Gold:   224        SH:  0    Dex: 14    Spells: 7/7 levels left

rFire   . . .      SeeInvis .    A - +3 woodcutter's axe {vorpal}
rCold   + . .      Faith    .    (shield currently unavailable)
rNeg    . . .      Spirit   .    q - +0 chain mail
rPois   .          Reflect  .    (no helmet)
rElec   .          Harm     .    C - +1 cloak
rCorr   .          Rampage  .    (no gloves)
Will    .....                    D - +0 pair of boots
Stlth   ..........               (no amulet)
HPRegen 0.20/turn                l - ring of protection from cold
MPRegen 0.12/turn                (no ring)

@: hasted, very quick
A: no striking features
a: Renounce Religion, Heroism


You were on level 5 of the Dungeon.
You worshipped Okawaru.
Okawaru was pleased with you.
You visited 1 branch of the dungeon, and saw 5 of its levels.

You collected 224 gold pieces.

Inventory:

Hand Weapons
 a - a +0 spear
 i - the +5 spear of Domination {vorpal, rPois}
   (You found it on level 5 of the Dungeon)

   It inflicts extra damage upon your enemies.
   rPois:     It protects you from poison.
 A - the +3 woodcutter's axe (weapon) {vorpal}
   (You found it on level 3 of the Dungeon)

   It inflicts extra damage upon your enemies.
Missiles
 E - 4 poisoned darts (quivered)
 F - 6 boomerangs
 H - 2 silver boomerangs
Armour
 b - a +0 leather armour
 q - a +0 chain mail (worn)
 r - a scarf of repulsion
 C - a +1 cloak (worn)
 D - a +0 pair of boots (worn)
Jewellery
 l - a ring of protection from cold (left hand)
Wands
 g - a wand of digging (3)
Scrolls
 c - a scroll of fog
 e - a scroll of vulnerability {unknown}
 h - a scroll of silence {unknown}
 j - a scroll of blinking {unknown}
 o - a scroll of brand weapon {unknown}
 t - 4 scrolls of identify {unknown}
 u - a scroll of enchant armour {unknown}
 v - a scroll of enchant weapon {unknown}
 x - 4 scrolls of teleportation {unknown}
 G - a scroll of poison {unknown}
Potions
 d - 2 potions of curing
 f - a potion of haste
 k - a potion of resistance {unknown}
 m - 2 potions of heal wounds {unknown}
 n - a potion of ambrosia {unknown}
 p - 2 potions of magic {unknown}
 s - 2 potions of invisibility {unknown}
 w - a potion of lignification {unknown}
 z - 2 potions of degeneration {unknown}


   Skills:
 * Level 6.1 Fighting
 - Level 5.2 Polearms
 - Level 2.0 Dodging
 - Level 5.0 Stealth
 - Level 5.1 Invocations


You had 7 spell levels left.
You didn't know any spells.
Your spell library contained the following spells:

 Spells                   Type           Power      Damage    Failure   Level
 Sublimation of Blood     Necr           0%         N/A       100%        2
 Wereblood                Tmut           0%         N/A       100%        2
 Dazzling Flash           Conj/Hex       0%         N/A       100%        3
 Ozocubu's Armour         Ice            0%         N/A       100%        3
 Agony                    Necr           0%         N/A       100%        5
 Fireball                 Conj/Fire      0%         3d3       100%        5
 Metabolic Englaciation   Hex/Ice        0%         N/A       100%        5
 Silence                  Hex/Air        0%         N/A       100%        5
 Starburst                Conj/Fire      0%         6d3       100%        6
 Ignition                 Fire           0%         3d3       100%        8
 Simulacrum               Ice/Necr       Unusable   N/A       N/A         6
 Summon Hydra             Summ           Unusable   N/A       N/A         7

Dungeon Overview and Level Annotations

Branches:
Dungeon (5/15)             Temple (0/1) D:5

Altars:
Elyvilon
Okawaru
Yredelemnul

Shops:
D:2 (

Annotations:
D:5 Duvessa


Message History

You kill Dowan!
Okawaru accepts your kill.
Duvessa screams in rage.
Duvessa goes berserk!
The roots release their grip on Duvessa.
Your Fighting skill increases to level 6!
You hit Duvessa.
Duvessa is moderately wounded.
Duvessa hits you with a +0 rapier! Duvessa hits you but does no damage.
You closely miss Duvessa.
Duvessa is moderately wounded.
Duvessa hits you with a +0 rapier!
You slash Duvessa!
Duvessa is moderately wounded.
Duvessa hits you with a +0 rapier. Duvessa barely misses you.
You barely miss Duvessa.
Duvessa is moderately wounded.
Duvessa hits you with a +0 rapier!
Aiming: Fastroot
Press: ? - help, Shift-Dir - straight line, p - Duvessa The roots erupt in riotous growth!
Roots grab Duvessa.
The grasping roots constrict Duvessa.
Duvessa hits you with a +0 rapier. x2
The grasping roots constrict Duvessa.
The roots release their grip on Duvessa.
Aiming: Fastroot
Press: ? - help, Shift-Dir - straight line The roots erupt in riotous growth!
Roots grab Duvessa.
The now-empty wand crumbles to dust.
The grasping roots constrict Duvessa.
Duvessa hits you with a +0 rapier!
* * * LOW HITPOINT WARNING * * *
Duvessa hits you with a +0 rapier.
* * * LOW HITPOINT WARNING * * *
The grasping roots constrict Duvessa!
The roots release their grip on Duvessa.
You feel yourself speed up. Duvessa hits you with a +0 rapier!
* * * LOW HITPOINT WARNING * * *
Duvessa hits you with a +0 rapier!
You die...

*#....,* ###..###.....## *
*,..#,,** #...##.....## *
**,,***,,* ##......#.†.## **
**,,** *,,* ##....###...####.
*,,** **,** #................
,,,*** *.,** ###...#.).))#......
,,,,,***##..###†...##.._..##.##..
,,,,,,**............#.).).#..##..
,,,,,,,,......†.@e..............#
,,,***,,........###...###...#####
,,,,****......### ##.).#...## *#
,*,,,,**#....#* ##.....### ##.
,***,,,,.#..#** *#........###..
** **,,,....,,** #.....##...##.#
* **,,...,,,,***#s...#####..#.. *
**,,,,,,,,,,,......* ##.... *
*,,,,,,,,,,,,......* ##...


You could see Duvessa (berserk).

Vanquished Creatures
  2 ogres (D:5)
  A necrophage (D:4)
  4 scorpions
  Dowan (D:5)
  A hound (D:5)
  Crazy Yiuf (D:3)
  2 orc priests (D:5)
  2 orc wizards
  4 adders
  A white imp (D:5)
  An ufetubus (D:2)
  2 worms
  4 dart slugs
  15 orcs
  4 ball pythons
  3 endoplasms
  6 giant cockroaches
  3 goblins
  8 hobgoblins
  4 jackals
  8 kobolds
  10 quokkas
  9 bats
  3 frilled lizards
  4 rats
103 creatures vanquished.

Notes
Turn   | Place    | Note
-------+----------+-------------------------------------------
     0 | D:5      | blackman the Human Delver began the quest for the Orb.
     0 | D:5      | Reached XP level 1. HP: 18/18 MP: 1/1
    31 | D:5      | Noticed a scorpion
    64 | D:5      | Identified the +5 spear of Domination {vorpal, rPois}
    75 | D:5      | Found an iron altar of Okawaru.
    85 | D:5      | Became a worshipper of Warmaster Okawaru
    88 | D:5      | Noticed a scorpion
    96 | D:5      | Found a staircase to the Ecumenical Temple.
   102 | D:5      | Noticed a scorpion
   270 | D:3      | Reached XP level 2. HP: 24/24 MP: 2/2
   526 | D:2      | Reached XP level 3. HP: 28/29 MP: 3/3
   545 | D:2      | Found Xeseoproann's Weapon Shoppe.
   931 | D:1      | Reached XP level 4. HP: 35/35 MP: 4/4
  2324 | D:3      | Reached XP level 5. HP: 41/41 MP: 5/5
  2338 | D:3      | Reached skill level 5 in Polearms
  2428 | D:3      | Found the +3 woodcutter's axe {vorpal}
  2618 | D:3      | Found a runed translucent door.
  2619 | D:3      | Noticed Crazy Yiuf
  2692 | D:3      | Killed Crazy Yiuf
  2693 | D:3      | Reached skill level 1 in Invocations
  3103 | D:4      | Found a white marble altar of Elyvilon.
  3299 | D:4      | Reached XP level 6. HP: 40/47 MP: 6/8
  3454 | D:4      | Reached * piety under Okawaru
  3624 | D:4      | Found a basalt altar of Yredelemnul.
  3740 | D:5      | Noticed an ogre
  3751 | D:5      | Killed an ogre
  3752 | D:5      | Reached skill level 5 in Invocations
  3752 | D:5      | Reached XP level 7. HP: 52/52 MP: 10/10
  3840 | D:5      | Reached skill level 4 in Fighting
  3916 | D:5      | HP: 1/55 [orc priest/divine providence (12)]
  4353 | D:5      | Reached skill level 5 in Fighting
  4353 | D:5      | Reached XP level 8. HP: 28/62 MP: 11/11
  4553 | D:5      | Reached ** piety under Okawaru
  4571 | D:5      | Noticed Duvessa
  4572 | D:5      | Noticed Dowan
  4576 | D:5      | Killed Dowan
  4577 | D:5      | Reached skill level 6 in Fighting
  4585 | D:5      | HP: 1/64 [Duvessa/+0 rapier (8)]
  4585 | D:5      | Mangled by Duvessa

Illustrated notes

Levels and vault maps discovered:
D:1:      dpeg_cavernosity, layout_loops_ring
D:2:      layout_loops_corners, serial_shops, shop
D:3:      layout_rooms, uniq_crazy_yiuf_cottage
D:4:      layout_basic, kennysheep_ying_yang
D:5:      layout_layer_cave, okawaru_ov_weapons_minmay,
          minmay_temple_entry_waves, uniq_duvessa

Skill      XL: |  1  2  3  4  5  6  7  8 |
---------------+-------------------------+-----
Polearms       | 3 4 5 |  5.2
Invocations    | 3 5 |  5.1
Fighting       | 5 6 |  6.1
Dodging        | |  2.0
Stealth        | |  5.0

Action                   |  1- 3 |  4- 6 |  7- 9 || total
-------------------------+-------+-------+-------++-------
Melee: Spear             |    50 |    73 |       ||   123
       Battleaxe         |       |    54 |    43 ||    97
Throw: Dart              |       |     3 |       ||     3
Evoke: Wand              |       |     2 |     4 ||     6
  Use: Scroll            |     2 |       |     1 ||     3
       Potion            |       |       |     3 ||     3
 Stab: Sleeping          |     8 |       |       ||     8
       Invisible         |       |     1 |       ||     1
Armor: Chain mail        |     3 |    55 |    15 ||    73
       Leather armour    |     2 |       |       ||     2
Dodge: Dodged            |    26 |    21 |     9 ||    56

Table legend: (Time is in decaauts)
 A = Elapsed time spent in this place.
 B = Non-inter-level travel time spent in this place.
 C = Inter-level travel time spent in this place.
 D = Time resting spent in this place.
 E = Time spent auto-exploring this place.
 F = Levels seen in this place.
 G = Mean time per level.
                   A        B        C        D        E       F      G
               +--------+--------+--------+--------+--------+-----+--------+
         Total |   4573 |   4291 |    282 |    305 |   3279 |   5 |  914.6 |
       Dungeon |   4573 |   4291 |    282 |    305 |   3279 |   5 |  914.6 |
               +--------+--------+--------+--------+--------+-----+--------+

Top non-repeatable levels by time:
     D:1: 1010 daAuts
     D:2: 993 daAuts
     D:5: 985 daAuts
     D:3: 846 daAuts
     D:4: 737 daAuts
